 Dungeon Crawl Stone Soup version 0.29.0-5-ge4962eb29e (webtiles) character file.

Game seed: 9272341807611017031

13946 sanka the Black Belt (level 11, -8/97 HPs)
             Began as a Yellow Draconian Monk on Aug 29, 2022.
             Was a High Priest of Makhleb.
             Mangled by a vampire (10 damage)
             ... on level 11 of the Dungeon.
             The game lasted 00:23:52 (12531 turns).

sanka the Black Belt (Yellow Draconian Monk)       Turns: 12531, Time: 00:23:53

Health: -8/97      AC: 14    Str: 19    XL:     11   Next: 82%
Magic:  11/11      EV: 16    Int: 14    God:    Makhleb [*****.]
Gold:   534        SH:  5    Dex: 15    Spells: 10/10 levels left

rFire   . . .      SeeInvis .     - Unarmed
rCold   . . .      Faith    .   (no shield)
rNeg    . . .      Spirit   .   (body armour unavailable)
rPois   .          Reflect  +   (helmet restricted)
rElec   .          Harm     .   (no cloak)
rCorr   +          Rampage  .   (no gloves)
Will    .....                   N - +2 pair of boots {Fly}
Stlth   ++........              g - amulet of reflection
HPRegen 0.26/turn               l - +6 ring of strength
MPRegen 0.12/turn               o - +4 ring of protection

@: short of breath, flying
A: spit acid, AC +7, unfitting armour, cold-blooded, acid resistance
a: Breathe Acid, Renounce Religion, Minor Destruction, Lesser Servant of
Makhleb, Major Destruction, Greater Servant of Makhleb


You were on level 11 of the Dungeon.
You worshipped Makhleb.
Makhleb was extremely pleased with you.
You visited 2 branches of the dungeon, and saw 12 of its levels.

You collected 809 gold pieces.
You spent 275 gold pieces at shops.


Innate Abilities, Weirdness & Mutations

You can spit globs of acid.
Your golden yellow scales are hard. (AC +7)
You cannot fit into any form of body armour.
You are cold-blooded and may be slowed by cold attacks.
You are resistant to acid. (rCorr)


   Skills:
 + Level 9.5 Fighting
 + Level 9.1 Dodging
 - Level 1.7 Stealth
 - Level 15.0 Unarmed Combat


You had 10 spell levels left.
You didn't know any spells.
Your spell library contained the following spells:

 Spells                   Type           Power      Damage    Failure   Level
 Magic Dart               Conj           0%         1d3       28%         1
 Necrotise                Necr           0%         1d4       28%         1
 Sandblast                Erth           0%         2d4       28%         1
 Call Imp                 Summ           0%         N/A       41%         2
 Ensorcelled Hibernation  Hex/Ice        0%         N/A       41%         2
 Passwall                 Tmut/Erth      0%         N/A       41%         2
 Sublimation of Blood     Necr           0%         N/A       41%         2
 Wereblood                Tmut           0%         N/A       41%         2
 Call Canine Familiar     Summ           0%         N/A       65%         3
 Mephitic Cloud           Conj/Pois/Air  0%         N/A       65%         3
 Portal Projectile        Hex/Tloc       0%         N/A       65%         3
 Stone Arrow              Conj/Erth      0%         3d7       65%         3
 Swiftness                Air            0%         N/A       65%         3
 Vampiric Draining        Necr           0%         2d6       65%         3
 Leda's Liquefaction      Hex/Erth       0%         N/A       96%         4
 Agony                    Necr           0%         N/A       100%        5
 Summon Forest            Summ/Tloc      0%         N/A       100%        5
 Summon Mana Viper        Hex/Summ       0%         N/A       100%        5
 Summon Cactus Giant      Summ           0%         N/A       100%        6
 Summon Hydra             Summ           0%         N/A       100%        7

Inventory:

Hand Weapons
 L - the +8 spear "Erphis Ekho" {vorpal, rC- Int+6 Dex+5}

   It inflicts extra damage upon your enemies.
   Int:       It affects your intelligence (+6).
   Dex:       It affects your dexterity (+5).
   rC:        It makes you vulnerable to cold.
Missiles
 A - a throwing net {=f}
 B - 5 curare-tipped darts (quivered) {=f}
Armour
 N - a +2 pair of boots of flying (worn)
Magical Staves
 m - a staff of fire
Jewellery
 g - an amulet of reflection (around neck)
 l - a +6 ring of strength (left hand)
 o - a +4 ring of protection (right hand)
 r - a +6 ring of dexterity
 w - a +6 ring of strength
 y - a +4 ring of slaying
 D - the amulet of Awe {Faith rC+++ Regen+ Slay-3}

   [amulet of faith]

   It allows you to gain divine favour quickly.
   Slay:      It affects your accuracy & damage with ranged weapons and melee
   (-3).
   rC:        It renders you almost immune to cold.
   Regen:     It increases your rate of health regeneration.
Wands
 C - a wand of flame (3)
 K - a wand of digging (6)
Scrolls
 b - 2 scrolls of noise {!r}
 e - 3 scrolls of poison {!r}
 f - a scroll of amnesia
 h - 3 scrolls of fear
 j - a scroll of enchant armour
 k - a scroll of acquirement {unknown}
 n - 4 scrolls of teleportation {@r4}
 x - 5 scrolls of silence {!r}
 F - 2 scrolls of brand weapon
 G - 2 scrolls of magic mapping
 J - 2 scrolls of butterflies
Potions
 a - a potion of haste {unknown}
 c - 3 potions of berserk rage {unknown}
 d - 2 potions of degeneration {unknown}
 i - 4 potions of brilliance {unknown}
 p - 6 potions of curing {@q1}
 q - 6 potions of heal wounds {unknown}
 s - 3 potions of invisibility {unknown}
 t - a potion of lignification {unknown}
 u - 4 potions of attraction {unknown}
 v - a potion of might
 z - a potion of mutation {unknown}
 E - 4 potions of ambrosia
 H - 2 potions of cancellation {unknown}
 I - a potion of flight {unknown}
 M - a potion of magic {unknown}

Dungeon Overview and Level Annotations

Branches:
Dungeon (11/15)            Temple (1/1) D:5            Lair (0/5) D:10
    Orc: D:9-12

Altars:
Ashenzari
Cheibriados
Dithmenos
Elyvilon
Fedhas
Gozag
Hepliaklqana
Kikubaaqudgha
Makhleb
Nemelex Xobeh
Okawaru
Qazlal
Ru
Sif Muna
Trog
Uskayaw
Vehumet
Wu Jian
Xom
Yredelemnul
Zin
The Shining One

Shops:
D:1 *   D:2 [

Portals:
Abyss: D:6

Annotations:
D:3 2 runed translucent doors, HoaS's ghost, amateur GrHu
D:6 2 transporters, Galthrax's ghost, novice OgFE
D:7 2 transporters, mandor's ghost, novice DjCj
D:10 exclusion: downstairs

▒▒▒..▒▒........▒▒.........▒..▒
. ▒..▒▒..▒▒....▒▒........ ▒..▒
. ▒..▒▒▒..▒▒▒▒▒▒..V...▒▒▒.▒...
. ▒▒..▒▒...▒▒▒▒...▒▒..........
▒▒.▒▒▒.......8▒▒▒.......
▒.▒▒▒▒▒....▒▒▒▒........
▒...▒▒▒▒▒▒▒▒▒▒).▒......
▒.▒...▒▒▒▒▒▒.Q..▒ .....
▒.▒▒▒.......d{..▒ .... ▒.▒
▒▒▒...▒▒....▒ ▒▒▒ ▒.▒
▒..)▒▒....▒ ▒.▒▒▒▒▒...▒▒▒▒'▒▒
▒.........▒ ▒.▒ ▒▒▒▒▒▒▒...▒
▒.▒ ▒...▒ ▒.▒ ▒▒'▒▒ ▒.▒▒▒ ▒.▒
▒.▒.▒


You could see a tengu conjurer.


Message History

You completely miss the tengu conjurer.
Your tail-slap misses the tengu conjurer.
The tengu conjurer is severely wounded.
The tengu conjurer gestures at you while chanting.
The bolt of lightning hits you! The bolt of lightning hits you!!
* * * LOW HITPOINT WARNING * * *
You closely miss the tengu conjurer.
The tengu conjurer is severely wounded.
Something barely misses you. Something bites you but does no damage.
The tengu conjurer hits you with a staff of fire.
* * * LOW HITPOINT WARNING * * *
The tengu conjurer burns you!
* * * LOW HITPOINT WARNING * * *
The tengu conjurer misses you. The tengu conjurer claws you.
* * * LOW HITPOINT WARNING * * *
Something hits you but does no damage. Something barely misses you.
The tengu conjurer hits you with a staff of fire!
* * * LOW HITPOINT WARNING * * *
The tengu conjurer barely misses you.
The tengu conjurer claws you but does no damage.
Unknown command.
Unknown command.
Something hits you!
* * * LOW HITPOINT WARNING * * *
Something bites you!
You die...

Action                   |  1- 3 |  4- 6 |  7- 9 | 10-12 || total
-------------------------+-------+-------+-------+-------++-------
Melee: Unarmed           |   104 |   209 |   378 |   394 ||  1085
       Tailslap          |     6 |    24 |    54 |    65 ||   149
       Punch             |     2 |     6 |    12 |    34 ||    54
Throw: Dart              |       |       |     2 |     4 ||     6
 Abil: Breathe Acid      |       |       |     7 |    11 ||    18
Evoke: Wand              |       |       |       |     2 ||     2
  Use: Scroll            |     1 |     4 |     1 |     8 ||    14
       Potion            |       |     1 |       |     4 ||     5
 Stab: Sleeping          |       |     1 |     4 |       ||     5
Armor: Skin              |    30 |    91 |   117 |   111 ||   349
Dodge: Dodged            |    68 |   144 |   197 |   294 ||   703
Block: Other             |       |       |       |    11 ||    11
       Reflection        |       |       |       |     2 ||     2

Levels and vault maps discovered:
D:1:      wander_arrival_peaceful_grave, layout_basic, serial_shops, shop,
          minmay_nonomino_d4
D:2:      layout_rooms, basic_ecumenical_altar, serial_shops,
          nicolae_square_shop
D:3:      layout_loops_ring, ebering_ghost_sewer_f, dreamdust_mushroom_princess,
          uniq_natasha
D:4:      wad_pebble_path, layout_loops_ring, minmay_vboxes
D:5:      layout_loops_ring, okawaru_ov_weapons_minmay,
          minmay_temple_entry_from_below_a, st_stairs_2, uniq_duvessa,
          uniq_pikel, uniq_sigmund, uniq_menkaure
D:6:      layout_rooms, gammafunk_ghost_abyssal_escape, st_stairs_6
D:7:      layout_basic, nicolae_overflow_hallway_of_the_gods,
          mainiacjoe_overflow_boulevard, gammafunk_ghost_wrathful_warriors,
          dk_vineyard_3, nrook_mini_vaults
D:8:      layout_rooms, chequers_jeans
D:9:      layout_loops_ring, evilmike_minifort
D:10:     layout_loops_ring, lair_entry_dummy, grunt_ministairs_9,
          serial_bayou_crossing, uniq_josephine
D:11:     layout_basic, minmay_mirror_moons_of_madness
Temple:   hellmonk_temple_divided_pantheon

Notes
Turn   | Place    | Note
-------+----------+-------------------------------------------
     0 | D:1      | sanka the Draconian Monk began the quest for the Orb.
     0 | D:1      | Reached XP level 1. HP: 19/19 MP: 1/1
   205 | D:1      | Reached XP level 2. HP: 26/26 MP: 2/2
   382 | D:1      | HP: 2/26 [rat (1)]
   701 | D:1      | Reached skill level 4 in Unarmed Combat
  1018 | D:1      | Found Ulodas's General Store.
  1028 | D:1      | Bought a scroll of identify for 24 gold pieces
  1028 | D:1      | Bought a scroll of enchant armour for 90 gold pieces
  1162 | D:2      | Reached XP level 3. HP: 31/31 MP: 3/3
  1288 | D:2      | Reached skill level 5 in Unarmed Combat
  1288 | D:2      | Reached XP level 4. HP: 19/38 MP: 4/4
  1620 | D:2      | Found Xotyppue's Armour Shop.
  1795 | D:2      | Found a faded altar of an unknown god.
  2048 | D:3      | Identified the +1 scale mail of Insatiable Hunger {rPois
                  | rN+}
  2187 | D:3      | Noticed Natasha
  2197 | D:3      | Killed Natasha
  2198 | D:3      | Reached XP level 5. HP: 43/45 MP: 5/5
  2211 | D:3      | Found a runed translucent door.
  2216 | D:3      | Noticed HoaS's ghost (amateur GrHu)
  2321 | D:3      | Noticed Natasha
  2326 | D:3      | Killed Natasha
  2327 | D:3      | Reached skill level 6 in Unarmed Combat
  2365 | D:3      | Noticed Natasha
  2376 | D:3      | Killed Natasha
  2416 | D:3      | Found a runed translucent door.
  3167 | D:7      | Noticed an orc warrior
  3172 | D:7      | Noticed a troll
  3233 | D:7      | Found a transporter.
  3238 | D:7      | Found a bloodstained altar of Trog.
  3247 | D:7      | Noticed a steam dragon
  3248 | D:7      | Found a sacrificial altar of Ru.
  3294 | D:6      | Noticed a phantom
  3307 | D:6      | Killed a phantom
  3308 | D:6      | Reached skill level 7 in Unarmed Combat
  3308 | D:6      | Reached XP level 6. HP: 19/51 MP: 6/6
  3540 | D:6      | Noticed an ice beast
  3614 | D:5      | Entered Level 5 of the Dungeon
  3614 | D:5      | Found a staircase to the Ecumenical Temple.
  3871 | Temple   | Entered the Ecumenical Temple
  3871 | Temple   | Found a transporter.
  3871 | Temple   | Found a transporter.
  3873 | Temple   | Found a transporter.
  3873 | Temple   | Found a transporter.
  3902 | Temple   | Became a worshipper of Makhleb the Destroyer
  3902 | Temple   | Reached * piety under Makhleb
  3902 | Temple   | Reached ** piety under Makhleb
  3951 | D:5      | Noticed Dowan
  3954 | D:5      | Noticed Duvessa
  4289 | D:4      | Reached skill level 8 in Unarmed Combat
  4289 | D:4      | Your scales start taking on a golden yellow colour.
  4289 | D:4      | Reached XP level 7. HP: 57/57 MP: 7/7
  4289 | D:4      | Gained mutation: You are resistant to acid. (rCorr) [Yellow
                  | Draconian growth]
  4720 | D:5      | Found an iron altar of Okawaru.
  4757 | D:5      | Reached skill level 9 in Unarmed Combat
  4758 | D:5      | Killed Duvessa
  4958 | D:5      | Killed Dowan
  4964 | D:5      | Identified the +8 falchion "Poschoibb" {pain, Fragile rPois
                  | Stlth+}
  5035 | D:5      | Noticed Sigmund
  5054 | D:5      | Killed Sigmund
  5055 | D:5      | Reached skill level 10 in Unarmed Combat
  5055 | D:5      | Reached XP level 8. HP: 59/63 MP: 8/8
  5147 | D:5      | Noticed Pikel
  5173 | D:5      | Killed Pikel
  5174 | D:5      | Reached skill level 5 in Fighting
  5174 | D:5      | Reached skill level 4 in Dodging
  5444 | D:5      | Noticed Menkaure
  5453 | D:5      | Killed Menkaure
  5654 | D:5      | Reached skill level 6 in Fighting
  5654 | D:5      | Reached skill level 5 in Dodging
  6081 | D:6      | Found a transporter.
  6137 | D:6      | Reached XP level 9. HP: 74/77 MP: 9/9
  6654 | D:6      | Reached skill level 7 in Fighting
  6656 | D:6      | Found a transporter.
  6692 | D:6      | Reached *** piety under Makhleb
  6724 | D:6      | Identified the amulet of Awe {Faith rC+++ Regen+ Slay-3}
  6783 | D:6      | Found a one-way gate to the infinite horrors of the Abyss.
  6783 | D:6      | Noticed Galthrax's ghost (novice OgFE)
  6785 | D:6      | Noticed a rakshasa
  6842 | D:6      | Reached skill level 6 in Dodging
  7197 | D:7      | Noticed a moth of wrath
  7199 | D:7      | Noticed mandor's ghost (novice DjCj)
  7212 | D:7      | Found a transporter.
  7265 | D:7      | Found an ancient bone altar of Kikubaaqudgha.
  7267 | D:7      | Found a snail-covered altar of Cheibriados.
  7278 | D:7      | Found a broken altar of Ashenzari.
  7285 | D:7      | Found a basalt altar of Yredelemnul.
  7287 | D:7      | Found a hide-covered altar of Uskayaw.
  7288 | D:7      | Found a radiant altar of Vehumet.
  7291 | D:7      | Found a stormy altar of Qazlal.
  7313 | D:7      | Found an ornate altar of the Wu Jian Council.
  7344 | D:7      | Found a bloodstained altar of Trog.
  7473 | D:7      | Reached skill level 8 in Fighting
  7504 | D:7      | Paralysed by a hornet for 2 turns
  7515 | D:7      | Reached skill level 7 in Dodging
  7987 | D:8      | Reached skill level 8 in Dodging
  8485 | D:8      | Reached XP level 10. HP: 88/88 MP: 10/10
  8543 | D:8      | Reached **** piety under Makhleb
  8548 | D:8      | Reached skill level 11 in Unarmed Combat
  8775 | D:8      | Identified +0 steam dragon scales
  9074 | D:9      | Reached skill level 12 in Unarmed Combat
  9607 | D:9      | Reached skill level 13 in Unarmed Combat
  9846 | D:9      | Identified the +8 spear "Erphis Ekho" {vorpal, rC- Int+6
                  | Dex+5}
 10389 | D:2      | Bought a +0 pair of boots of flying for 161 gold pieces
 10507 | D:9      | Noticed a two-headed ogre
 10513 | D:9      | Noticed a cyclops
 10517 | D:9      | Noticed a five-headed hydra
 10520 | D:9      | Killed a two-headed ogre
 10521 | D:9      | Reached XP level 11. HP: 90/94 MP: 11/11
 10533 | D:9      | HP: 8/94 [five-headed hydra (7)]
 10548 | D:9      | Killed a five-headed hydra
 10549 | D:9      | Reached skill level 14 in Unarmed Combat
 11106 | D:9      | Reached ***** piety under Makhleb
 11248 | D:10     | Entered Level 10 of the Dungeon
 11249 | D:10     | Identified the +4 robe "Keapemas" {rC+ rCorr}
 11497 | D:10     | Reached skill level 15 in Unarmed Combat
 11647 | D:10     | Noticed Josephine
 11665 | D:10     | Killed Josephine
 11742 | D:10     | Identified +0 acid dragon scales
 12025 | D:10     | Reached skill level 9 in Fighting
 12133 | D:10     | Found a staircase to the Lair.
 12345 | D:11     | Noticed a two-headed ogre
 12359 | D:11     | Killed a two-headed ogre
 12360 | D:11     | Reached skill level 9 in Dodging
 12531 | D:11     | HP: 2/97 [something (11)]
 12531 | D:11     | Mangled by a vampire

Vanquished Creatures
  Josephine (D:10)
  A hydra (D:9)
  2 two-headed ogres
  Pikel (D:5)
  2 cyclopes
  A troll (D:10)
  2 hornets
  Sigmund (D:5)
  A shadow (D:10)
  4 wraiths (D:10)
  A basilisk (D:11)
  A wyvern (D:9)
  3 steam dragons
  23 yaks
  Menkaure (D:5)
  An acid dragon (D:10)
  2 water moccasins
  Duvessa (D:5)
  8 orc warriors
  4 ice beasts
  3 black bears
  3 centaurs
  A lemure (D:5)
  2 phantoms
  2 kobold brigands
  2 gnoll sergeants (D:9)
  A bullfrog (D:9)
  8 wights
  Dowan (D:5)
  6 killer bees
  4 howler monkeys
  A hound (D:4)
  3 jellies
  A gnoll bouda (D:6)
  10 orc priests
  12 orc wizards
  Natasha (thrice) (D:3)
  6 iguanas
  14 gnolls
  9 adders
  2 shadow imps (D:6)
  3 white imps (D:6)
  4 ufetubi
  3 worms
  2 dart slugs
  39 orcs
  7 ball pythons
  5 bats
  8 endoplasms
  4 giant cockroaches
  6 goblins
  9 hobgoblins
  15 kobolds
  2 quokkas
  3 frilled lizards
  8 rats
273 creatures vanquished.

Vanquished Creatures (others)
  2 wights (D:7)
  A fungus (D:3)
  A plant (D:10)
4 creatures vanquished.

Grand Total: 277 creatures vanquished
